 Dungeon Crawl Stone Soup version 0.31-a0-180-g519b7de00c (webtiles) character file.

Game seed: 4716744408935272047

117210 qw the Peltast (level 16, -2/99 (101) HPs)
             Began as a Gargoyle Fighter on June 19, 2023.
             Was an Elder of Okawaru.
             Slain by an orc warrior
             ... wielding a +0 glaive
              (3 damage)
             ... while paralysed by an orc sorcerer
             ... on level 2 of the Orcish Mines.
             The game lasted 00:14:27 (24345 turns).

qw the Peltast (Gargoyle Fighter)                  Turns: 24345, Time: 00:14:28

HP:   -2/99 (101)   AC: 43    Str: 29    XL:     16   Next: 73%
MP:   23/23         EV:  2    Int:  8    God:    Okawaru [****..]
Gold: 1347          SH:  0    Dex:  9    Spells: 15/15 levels left

rFire   + . .        o - +4 broad axe (drain)
rCold   . . .        y - +0 tower shield
rNeg    + . .        e - +3 plate armour
rPois   inf          u - +2 helmet
rElec   +            f - +2 cloak
rCorr   .            w - +0 pair of gloves
SInv    +            h - +2 pair of boots
Will    +....        p - amulet of faith Stlth
                     m - +5 ring of evasion
HPRegen 0.36/turn    s - ring of see invisible
MPRegen 0.18/turn

%: faith
@: paralysed, heroic, corroded, flying, lightly drained
A: sickness immunity, AC +12, big wings, negative energy resistance 1,
electricity resistance, torment resistance 1, petrification resistance,
iridescent scales 1, fire resistance 1
a: Renounce Religion, Heroism, Finesse


You were on level 2 of the Orcish Mines.
You worshipped Okawaru.
Okawaru was greatly pleased with you.
You visited 3 branches of the dungeon, and saw 22 of its levels.
You visited the Abyss 1 time.
You also visited: Sewer.

You collected 1845 gold pieces.
You spent 498 gold pieces at shops.


Innate Abilities, Weirdness & Mutations

You are immune to sickness and miasma.
Your stone body is resilient. (AC +12)
You are immune to poison.
Your large and strong wings let you fly.
You resist negative energy. (rN+)
You are resistant to electric shocks. (rElec)
You are resistant to unholy torment.
You are immune to petrification.
You are partially covered in iridescent scales. (AC +2)
Your flesh is heat resistant. (rF+)


   Skills:
 - Level 12.1(17.1) Fighting
 + Level 16.2(21.2) Axes
 - Level 5.1(10.1) Throwing
 - Level 12.1(17.1) Armour
 - Level 3.2(8.2) Dodging
 - Level 17.0(22.0) Shields
 - Level 10.0 Invocations


You had 15 spell levels left.
You didn't know any spells.
Your spell library was empty.

Inventory:

Hand Weapons
 o - a +4 broad axe of draining (weapon)
 v - a +3 morningstar
 Y - a +3 war axe of venom
Missiles
 a - 6 boomerangs (quivered)
Armour
 e - a +3 plate armour (worn)
 f - a +2 cloak (worn)
 h - a +2 pair of boots (worn)
 u - a +2 helmet (worn)
 w - a +0 pair of gloves (worn)
 y - a +0 tower shield (worn)
 B - a +2 chain mail of fire resistance
Jewellery
 m - a +5 ring of evasion (left hand)
 p - an amulet of faith (around neck)
 r - a ring of ice
 s - a ring of see invisible (right hand)
 x - an amulet of regeneration
 C - a ring of fire
 E - a +6 ring of dexterity
 F - a ring of willpower
Scrolls
 b - 7 scrolls of identify
Potions
 c - a potion of magic
 d - 9 potions of might
 g - 4 potions of lignification
 i - 5 potions of haste
 j - 2 potions of resistance
 l - 3 potions of curing
 n - a potion of cancellation
 z - 3 potions of attraction
 A - 2 potions of mutation
 D - a potion of enlightenment

Dungeon Overview and Level Annotations

Branches:
Dungeon (15/15)            Temple (0/1) D:7            Lair (5/5) D:10
  Swamp (0/4) Lair:3       Spider (0/4) Lair:2        Slime (0/5) Lair:5
    Orc (2/2) D:12         Vaults (0/5) D:13         Depths (0/4) D:15
  Sewer (visited)
    Elf: Orc:2

Altars:
Fedhas
Gozag
Nemelex Xobeh
Okawaru
Sif Muna
Xom
The Shining One
Jiyva
Lugonu

Shops:
D:5 *   D:15 *   Orc:2 [


Message History

The soul eater hits you.
You slash the soul eater!
The soul eater is heavily wounded.
You hit the hellwing. You block the orc high priest's attack.
You block the hellwing's attack. x2
The orange demon stings you from afar.
You closely miss the soul eater.
The soul eater is heavily wounded.
You completely miss the hellwing. You completely miss the orc sorcerer.
You block the soul eater's attack. You block the orc sorcerer's attack.
The orc high priest barely misses you. The hellwing barely misses you.
You block the hellwing's attack.
You hit the soul eater.
The soul eater is heavily wounded.
You hit the hellwing but do no damage.
You hit the orc sorcerer but do no damage.
You drain the orc sorcerer. You block the orange demon's attack.
The soul eater hits you but does no damage.
You closely miss the soul eater.
The soul eater is heavily wounded.
You barely miss the orc sorcerer. You hit the hellwing but do no damage.
You block the orc warrior's attack.
The orc sorcerer points at you and mumbles some strange words.
You suddenly lose the ability to move!
The orc high priest hits you but does no damage.
The hellwing hits you but does no damage. x2
The orange demon barely misses you.
The soul eater hits you but does no damage.
The orc warrior hits you from afar with a +0 glaive!
The orc sorcerer casts a spell at you. The bolt of negative energy hits you.
You partially resist.
You feel drained.
The orc high priest hits you but does no damage.
The hellwing hits you.
The hellwing hits you but does no damage.
The orange demon stings you but does no damage.
The soul eater hits you but does no damage.
The hellwing disappears in a puff of smoke!
The orc warrior hits you from afar with a +0 glaive.
You die...

......................
#.....................
#...$................
#..............[[...
#....<.....$....[[).
#....#..........)<..
#..............)[#..
#.))ยค..........)...<
#oo@)..)..$.........
#...o3)...............#
#...4..................
#......................
#..#........##.........
....#.................#.
... #..................#
.. #.....#...._........
............


You could see a soul eater (summoned), an orc high priest, an orange demon
(summoned), an orc sorcerer (drained) and an orc warrior.

Vanquished Creatures
  A bone dragon (Abyss:3)
  2 tentacled starspawn (Abyss:3)
  An angel (Abyss:3)
  Louise (D:15)
  An orc warlord (Orc:2)
  Nessos (D:13)
  Azrael (D:14)
  4 dire elephants (Lair:5)
  A lorocyproca (Abyss:3)
  Josephine (D:14)
  Fannar (Lair:3)
  2 vault guards (D:13)
  2 ogre magi
  7 hydras
  4 centaur warriors
  12 two-headed ogres
  6 boulder beetles
  A titan zombie (D:15)
  2 tengu warriors
  3 death yaks (Lair:5)
  3 orc high priests (Orc:2)
  A vampire mage (D:15)
  A thrashing horror (Abyss:3)
  Sonja (Lair:3)
  Nergalle (Lair:3)
  A fire crab (D:14)
  3 skysharks
  A skeletal warrior (D:15)
  A wretched star (Abyss:3)
  2 spectral death yaks (Lair:5)
  A death drake (shapeshifter) (D:8)
  A spectral anaconda (Lair:5)
  A flayed ghost (Abyss:3)
  4 necromancers
  An obsidian statue (Lair:5)
  4 orc knights
  3 deep elf pyromancers
  An orc sorcerer (Abyss:3)
  2 ugly things
  A wizard (D:15)
  A tengu zombie (D:15)
  A fire giant zombie (D:15)
  12 manticores
  11 cyclopes
  An oklob plant (Lair:4)
  A worldbinder (Abyss:3)
  A rust devil (Abyss:3)
  26 elephants
  An ice statue (D:12)
  4 black mambas
  A frost giant skeleton (D:15)
  Maurice (Orc:2)
  2 torpor snails
  10 cane toads
  A smoke demon (Abyss:3)
  A dire elephant skeleton (Lair:5)
  3 efreet
  3 yaktaurs
  Psyche (D:12)
  2 rime drakes
  4 komodo dragons
  An unseen horror (D:12)
  2 freezing wraiths
  A guardian mummy (D:15)
  2 ancient zymes
  4 trolls
  3 meliai (D:15)
  5 polar bears
  A troll (shapeshifter) (Lair:1)
  Prince Ribbit (Lair:2)
  A hornet (D:7)
  A hellwing (Abyss:3)
  4 raiju (Abyss:3)
  2 spectral elephants (Lair:5)
  20 blink frogs
  7 dream sheep (Lair:5)
  15 slime creatures
  A culicivora (shapeshifter) (D:13)
  Sigmund (D:2)
  A dire elephant simulacrum (Lair:5)
  5 wyverns
  A water elemental (D:11)
  4 wraiths
  A shadow (D:12)
  36 yaks
  9 humans (D:13)
  5 large abominations (Abyss:3)
  4 basilisks
  2 fire elementals (D:14)
  A redback (Lair:2)
  6 wargs
  9 vampire mosquitoes
  A spectral cane toad (Lair:5)
  6 hell hounds (D:14)
  17 water moccasins
  19 orc warriors
  2 ice beasts
  A sky beast (D:6)
  A black bear (D:7)
  10 ogres
  2 elephant zombies (Lair:5)
  3 centaurs
  2 starcursed masses (Abyss:3)
  5 wolves (Lair:1)
  An elephant skeleton (Lair:5)
  2 phantoms
  8 kobold brigands
  11 bullfrogs
  4 gnoll sergeants
  5 scorpions
  4 wights (D:9)
  5 killer bees (D:5)
  4 elephant simulacra (Lair:5)
  8 electric eels
  8 howler monkeys
  4 jellies
  7 hounds
  15 orc priests
  3 sleepcaps
  6 iguanas
  17 orc wizards
  22 gnolls
  11 adders
  A shadow imp (D:6)
  2 white imps (D:5)
  2 ufetubi
  4 worms
  3 dart slugs
  51 orcs
  5 bats
  4 endoplasms
  3 giant cockroaches
  5 goblins
  4 hobgoblins
  2 jackals (D:4)
  30 kobolds
  6 quokkas
  13 ball pythons
  2 frilled lizards (D:1)
  10 rats
693 creatures vanquished.

Vanquished Creatures (others)
  A human (D:13)
  An orc warrior (Orc:2)
  5 starspawn tentacles (Abyss:3)
7 creatures vanquished.

Grand Total: 700 creatures vanquished

Notes
Turn   | Place    | Note
-------+----------+-------------------------------------------
     0 | D:1      | qw the Gargoyle Fighter began the quest for the Orb.
     0 | D:1      | Reached XP level 1. HP: 14/14 MP: 1/1
     0 | D:1      | 0 ||| qw: Version: 0.3-a-7-ge0c9b40
     0 | D:1      | 0 ||| qw: Game counter: 1067
     0 | D:1      | 0 ||| qw: Always use a shield: true
     0 | D:1      | 0 ||| qw: God list: Okawaru
     0 | D:1      | 0 ||| qw: Allow faded altars: false
     0 | D:1      | 0 ||| qw: Do Orc after D:15 true
     0 | D:1      | 0 ||| qw: Do second Lair branch before Depths: true
     0 | D:1      | 0 ||| qw: Lair rune preference: random
     0 | D:1      | 0 ||| qw: Plans: Normal, Zot:1-4, Slime:5, God:TSO, Crypt,
                  | Tomb, Abyss, Pan, Hells, Win
     0 | D:1      | 0 ||| PLANNING D:1-11
    98 | D:1      | Found a faded altar of an unknown god.
   149 | D:1      | Reached XP level 2. HP: 19/19 MP: 2/2
   344 | D:1      | 344 ||| Stepping ~*~*~tactically~*~*~ (stealth).
   501 | D:1      | Reached skill level 3 in Axes
   502 | D:1      | Reached XP level 3. HP: 20/23 MP: 3/3
   813 | D:1      | 813 ||| READING scroll labelled NYAMINW WUITS.
   814 | D:1      | 814 ||| READING scroll labelled BIGAIQ PADDIFRI.
   830 | D:1      | 830 ||| READING scroll labelled VON XUHINA.
   831 | D:1      | 831 ||| READING scroll labelled XUAHAIHUYT.
   873 | D:2      | 873 ||| STAIRDANCE
   902 | D:2      | 902 ||| STAIRDANCE
  1220 | D:2      | 1220 ||| DROPPING +0 whip.
  1243 | D:2      | 1243 ||| UPGRADING to +0 chain mail.
  1254 | D:2      | 1254 ||| UPGRADING to +0 scale mail.
  1259 | D:2      | 1259 ||| UPGRADING to +0 chain mail.
  1269 | D:2      | 1269 ||| DROPPING +0 scale mail.
  1332 | D:2      | Noticed Sigmund
  1333 | D:2      | 1333 ||| Stepping ~*~*~tactically~*~*~ (hiding).
  1343 | D:2      | Killed Sigmund
  1344 | D:2      | Reached XP level 4. HP: 21/28 MP: 4/4
  1344 | D:2      | Reached XP level 5. HP: 24/32 MP: 5/5
  1691 | D:2      | 1691 ||| READING scroll labelled HOUC MIDE YKLU.
  1807 | D:3      | 1807 ||| PLANNING SEWER
  1951 | D:3      | Found a glowing drain.
  1965 | D:3      | 1965 ||| Stepping ~*~*~tactically~*~*~ (water).
  1970 | D:3      | Reached XP level 6. HP: 38/38 MP: 6/6
  1984 | D:3      | 1984 ||| READING 2 scrolls labelled DINNYQ OCAI.
  1985 | D:3      | 1985 ||| READING scroll labelled PYCEDUIDENO.
  1986 | D:3      | 1986 ||| READING scroll labelled NEMMAR TAZXA.
  1993 | Sewer    | Entered a sewer
  2191 | Sewer    | Reached skill level 6 in Axes
  2191 | Sewer    | Reached XP level 7. HP: 42/44 MP: 7/7
  2205 | Sewer    | 2205 ||| READING 3 scrolls of brand weapon.
  2205 | Sewer    | 2205 ||| BRANDING +1 war axe of venom.
  2206 | Sewer    | 2206 ||| READING 2 scrolls of brand weapon.
  2206 | Sewer    | 2206 ||| BRANDING +1 heavy war axe.
  2207 | Sewer    | 2207 ||| READING scroll of brand weapon.
  2207 | Sewer    | 2207 ||| BRANDING +1 war axe of freezing.
  2256 | Sewer    | Reached skill level 1 in Dodging
  2272 | Sewer    | 2272 ||| READING 2 scrolls labelled XUPIWI QEYSEU.
  2273 | Sewer    | 2273 ||| DRINKING 2 red potions.
  2274 | Sewer    | 2274 ||| DRINKING 2 puce potions.
  2282 | D:3      | 2282 ||| PLANNING D:1-11
  2479 | D:3      | 2479 ||| DROPPING +0 mace.
  2617 | D:3      | Found a shimmering blue altar of Sif Muna.
  2617 | D:3      | Found a sparkling altar of Nemelex Xobeh.
  2624 | D:3      | Found a faded altar of an unknown god.
  2626 | D:3      | Found a blossoming altar of Fedhas.
  2632 | D:3      | Found an iron altar of Okawaru.
  2633 | D:3      | 2633 ||| PLANNING OKAWARU WORSHIP
  2633 | D:3      | 2633 ||| UPGRADING to +2 pair of boots.
  2638 | D:3      | 2638 ||| UPGRADING to +5 ring of evasion.
  2642 | D:3      | Became a worshipper of Warmaster Okawaru
  2643 | D:3      | 2643 ||| PLANNING D:1-11
  2671 | D:4      | Noticed a yak
  2682 | D:4      | 2682 ||| STAIRDANCE
  2693 | D:3      | Killed a yak
  2785 | D:4      | Noticed a yak
  2800 | D:4      | Killed a yak
  2800 | D:4      | Reached * piety under Okawaru
  2801 | D:4      | Reached XP level 8. HP: 46/48 MP: 8/8
  2815 | D:4      | Noticed a yak
  2835 | D:4      | Killed a yak
  3004 | D:4      | 3004 ||| Stepping ~*~*~tactically~*~*~ (hiding).
  3046 | D:4      | 3046 ||| Stepping ~*~*~tactically~*~*~ (hiding).
  3061 | D:4      | 3061 ||| Stepping ~*~*~tactically~*~*~ (stealth).
  3078 | D:4      | Reached skill level 3 in Invocations
  3534 | D:4      | 3534 ||| READING scroll labelled MYASOB PIYGH.
  3535 | D:4      | 3535 ||| READING scroll labelled APPUPL NASOFI.
  3540 | D:4      | 3540 ||| DRINKING 2 golden potions.
  3541 | D:4      | 3541 ||| DRINKING 3 fizzy grey potions.
  3542 | D:4      | 3542 ||| READING 2 scrolls of identify.
  3542 | D:4      | 3542 ||| IDENTIFYING white potion
  3543 | D:4      | 3543 ||| DROPPING potion of brilliance.
  3544 | D:4      | 3544 ||| DROPPING potion of degeneration.
  3601 | D:5      | Entered Level 5 of the Dungeon
  3611 | D:5      | 3611 ||| Stepping ~*~*~tactically~*~*~ (stealth).
  3668 | D:5      | 3668 ||| Stepping ~*~*~tactically~*~*~ (stealth).
  3670 | D:5      | 3670 ||| INVOKING Heroism.
  3679 | D:5      | 3679 ||| Stepping ~*~*~tactically~*~*~ (stealth).
  3685 | D:5      | Reached skill level 6 in Fighting
  3687 | D:5      | 3687 ||| INVOKING Heroism.
  3841 | D:5      | 3841 ||| Stepping ~*~*~tactically~*~*~ (hiding).
  3842 | D:5      | 3842 ||| Stepping ~*~*~tactically~*~*~ (hiding).
  3843 | D:5      | 3843 ||| Stepping ~*~*~tactically~*~*~ (hiding).
  3844 | D:5      | 3844 ||| Stepping ~*~*~tactically~*~*~ (hiding).
  3845 | D:5      | 3845 ||| Stepping ~*~*~tactically~*~*~ (hiding).
  3846 | D:5      | 3846 ||| Stepping ~*~*~tactically~*~*~ (hiding).
  3847 | D:5      | 3847 ||| Stepping ~*~*~tactically~*~*~ (hiding).
  3887 | D:5      | 3887 ||| Stepping ~*~*~tactically~*~*~ (hiding).
  3892 | D:5      | 3892 ||| Stepping ~*~*~tactically~*~*~ (hiding).
  3898 | D:5      | 3898 ||| INVOKING Heroism.
  3900 | D:5      | Reached XP level 9. HP: 33/55 MP: 9/12
  3919 | D:5      | 3919 ||| INVOKING Heroism.
  4050 | D:5      | Reached skill level 9 in Axes
  4081 | D:5      | Found Zyocly's Neck Hole.
  4090 | D:5      | 4090 ||| BUYING +0 cloak (49 gold).
  4090 | D:5      | Bought a +0 cloak for 49 gold pieces
  4090 | D:5      | 4090 ||| SHOPLISTING amulet of faith (440 gold, have 197).
  4090 | D:5      | 4090 ||| SHOPLISTING amulet of reflection (330 gold, have
                  | 197).
  4372 | D:5      | 4372 ||| UPGRADING to +0 cloak.
  4377 | D:5      | 4377 ||| READING scroll of enchant armour.
  4377 | D:5      | 4377 ||| ENCHANTING +0 cloak.
  4378 | D:5      | 4378 ||| UPGRADING to amulet of the acrobat.
  4383 | D:5      | 4383 ||| READING scroll labelled SOITAYHORGH.
  4384 | D:5      | 4384 ||| READING scroll labelled AROS KAPLUURGH.
  4385 | D:5      | 4385 ||| READING 2 scrolls of identify.
  4385 | D:5      | 4385 ||| IDENTIFYING sedimented cyan potion
  4386 | D:5      | 4386 ||| DROPPING potion of invisibility.
  4415 | D:6      | 4415 ||| Stepping ~*~*~tactically~*~*~ (hiding).
  4422 | D:6      | Noticed a two-headed ogre
  4423 | D:6      | 4423 ||| INVOKING Heroism.
  4429 | D:6      | Reached skill level 4 in Shields
  4429 | D:6      | Reached ** piety under Okawaru
  4430 | D:6      | Killed a two-headed ogre
  4454 | D:6      | 4454 ||| Stepping ~*~*~tactically~*~*~ (stealth).
  4463 | D:6      | 4463 ||| INVOKING Heroism.
  4554 | D:6      | Noticed a two-headed ogre
  4555 | D:6      | 4555 ||| INVOKING Heroism.
  4565 | D:6      | Killed a two-headed ogre
  4565 | D:6      | Reached *** piety under Okawaru
  4566 | D:6      | Reached XP level 10. HP: 19/64 MP: 11/13
  4742 | D:6      | 4742 ||| DROPPING +2 heavy mace.
  4761 | D:6      | 4761 ||| READING scroll of enchant armour.
  4761 | D:6      | 4761 ||| ENCHANTING +1 cloak.
  5022 | D:6      | 5022 ||| INVOKING Heroism.
  5081 | D:6      | 5081 ||| Stepping ~*~*~tactically~*~*~ (stealth).
  5621 | D:7      | 5621 ||| INVOKING Heroism.
  5847 | D:7      | 5847 ||| Stepping ~*~*~tactically~*~*~ (stealth).
  5878 | D:7      | Found a staircase to the Ecumenical Temple.
  5888 | D:7      | 5888 ||| Stepping ~*~*~tactically~*~*~ (stealth).
  5908 | D:7      | Reached skill level 5 in Shields
  5941 | D:7      | 5941 ||| Stepping ~*~*~tactically~*~*~ (stealth).
  5942 | D:7      | 5942 ||| Stepping ~*~*~tactically~*~*~ (stealth).
  5943 | D:7      | 5943 ||| Stepping ~*~*~tactically~*~*~ (stealth).
  5945 | D:7      | 5945 ||| Stepping ~*~*~tactically~*~*~ (stealth).
  5947 | D:7      | 5947 ||| INVOKING Heroism.
  6088 | D:7      | 6088 ||| Stepping ~*~*~tactically~*~*~ (stealth).
  6551 | D:7      | 6551 ||| UPGRADING to +1 chain mail of fire resistance.
  6561 | D:7      | 6561 ||| DROPPING +0 chain mail.
  6562 | D:7      | 6562 ||| UPGRADING to ring of see invisible.
  6563 | D:7      | 6563 ||| READING scroll labelled TEGEPH AREMUOW.
  6564 | D:7      | 6564 ||| DRINKING 2 grey potions.
  6601 | D:8      | 6601 ||| INVOKING Heroism.
  6771 | D:8      | Found a shimmering altar of Xom.
  6902 | D:8      | 6902 ||| READING scroll of enchant weapon.
  6902 | D:8      | 6902 ||| ENCHANTING +1 war axe of chaos.
  7076 | D:8      | a gnoll changed into a glowing shapeshifter
  7076 | D:8      | Noticed a glowing shapeshifter (glowing shapeshifter)
  7076 | D:8      | a glowing shapeshifter changed into a moth of wrath
  7076 | D:8      | Noticed a moth of wrath (glowing shapeshifter)
  7078 | D:8      | 7078 ||| INVOKING Heroism.
  7083 | D:8      | a moth of wrath changed into a death drake
  7083 | D:8      | Noticed a death drake (glowing shapeshifter)
  7084 | D:8      | Killed a death drake
  7084 | D:8      | Reached **** piety under Okawaru
  7145 | D:8      | 7145 ||| UPGRADING to +0 plate armour.
  7155 | D:8      | 7155 ||| UPGRADING to +1 helmet.
  7160 | D:8      | 7160 ||| READING 4 scrolls of identify.
  7160 | D:8      | 7160 ||| IDENTIFYING sedimented clear potion
  7161 | D:8      | 7161 ||| READING 3 scrolls of identify.
  7161 | D:8      | 7161 ||| IDENTIFYING metallic yellow potion
  7321 | D:9      | 7321 ||| INVOKING Heroism.
  7456 | D:9      | 7456 ||| READING scroll of enchant weapon.
  7456 | D:9      | 7456 ||| ENCHANTING +2 war axe of chaos.
  7825 | D:9      | Reached XP level 11. HP: 61/68 MP: 14/14
  7964 | D:9      | 7964 ||| DROPPING scarf of repulsion.
  7965 | D:9      | 7965 ||| UPGRADING to +0 kite shield.
  7975 | D:9      | 7975 ||| DROPPING +0 buckler.
  7976 | D:9      | 7976 ||| READING scroll labelled BOEDGHA QESI.
  8001 | D:10     | Entered Level 10 of the Dungeon
  8020 | D:10     | 8020 ||| Stepping ~*~*~tactically~*~*~ (stealth).
  8021 | D:10     | 8021 ||| Stepping ~*~*~tactically~*~*~ (stealth).
  8029 | D:10     | 8029 ||| Stepping ~*~*~tactically~*~*~ (stealth).
  8034 | D:10     | 8034 ||| Stepping ~*~*~tactically~*~*~ (stealth).
  8037 | D:10     | 8037 ||| Stepping ~*~*~tactically~*~*~ (hiding).
  8039 | D:10     | 8039 ||| Stepping ~*~*~tactically~*~*~ (hiding).
  8049 | D:10     | 8049 ||| Stepping ~*~*~tactically~*~*~ (hiding).
  8063 | D:10     | 8063 ||| Stepping ~*~*~tactically~*~*~ (stealth).
  8065 | D:10     | 8065 ||| Stepping ~*~*~tactically~*~*~ (hiding).
  8066 | D:10     | 8066 ||| Stepping ~*~*~tactically~*~*~ (hiding).
  8183 | D:10     | Found a staircase to the Lair.
  8206 | D:10     | Noticed a two-headed ogre
  8207 | D:10     | 8207 ||| INVOKING Heroism.
  8210 | D:10     | Killed a two-headed ogre
  8210 | D:10     | Killed a two-headed ogre
  8211 | D:10     | Reached skill level 6 in Shields
  8253 | D:10     | 8253 ||| DROPPING +0 flail.
  8297 | D:10     | 8297 ||| INVOKING Heroism.
  8352 | D:10     | 8352 ||| DROPPING +0 hand axe of electrocution.
  8353 | D:10     | 8353 ||| DROPPING +1 antimagic hand axe.
  8365 | D:10     | 8365 ||| Stepping ~*~*~tactically~*~*~ (hiding).
  8419 | D:10     | 8419 ||| Stepping ~*~*~tactically~*~*~ (stealth).
  8421 | D:10     | 8421 ||| Stepping ~*~*~tactically~*~*~ (hiding).
  8422 | D:10     | 8422 ||| Stepping ~*~*~tactically~*~*~ (hiding).
  8430 | D:10     | Reached skill level 6 in Invocations
  8656 | D:10     | 8656 ||| Stepping ~*~*~tactically~*~*~ (stealth).
  8660 | D:10     | 8660 ||| Stepping ~*~*~tactically~*~*~ (stealth).
  8680 | D:10     | Reached skill level 1 in Throwing
  8845 | D:10     | 8845 ||| Stepping ~*~*~tactically~*~*~ (stealth).
  8847 | D:10     | 8847 ||| Stepping ~*~*~tactically~*~*~ (hiding).
  8849 | D:10     | 8849 ||| Stepping ~*~*~tactically~*~*~ (hiding).
  8978 | D:10     | 8978 ||| PLANNING LAIR
  8978 | D:10     | 8978 ||| DROPPING +1 hat.
  9002 | Lair:1   | Entered Level 1 of the Lair of Beasts
  9022 | Lair:1   | 9022 ||| INVOKING Heroism.
  9032 | Lair:1   | 9032 ||| Stepping ~*~*~tactically~*~*~ (stealth).
  9059 | Lair:1   | 9059 ||| INVOKING Heroism.
  9121 | Lair:1   | 9121 ||| READING scroll of enchant armour.
  9121 | Lair:1   | 9121 ||| ENCHANTING +1 helmet.
  9141 | Lair:1   | Reached skill level 7 in Shields
  9145 | Lair:1   | 9145 ||| INVOKING Heroism.
  9336 | Lair:1   | Noticed a skyshark
  9340 | Lair:1   | 9340 ||| INVOKING Heroism.
  9356 | Lair:1   | Killed a skyshark
  9398 | Lair:1   | 9398 ||| INVOKING Heroism.
  9467 | Lair:1   | Reached skill level 8 in Shields
  9584 | Lair:1   | 9584 ||| Stepping ~*~*~tactically~*~*~ (stealth).
  9586 | Lair:1   | 9586 ||| Stepping ~*~*~tactically~*~*~ (stealth).
  9608 | Lair:1   | Reached ***** piety under Okawaru
  9669 | Lair:1   | 9669 ||| INVOKING Heroism.
 10079 | Lair:1   | 10079 ||| DROPPING ring of flight.
 10080 | Lair:1   | 10080 ||| READING 4 scrolls of identify.
 10080 | Lair:1   | 10080 ||| IDENTIFYING orange potion
 10081 | Lair:1   | 10081 ||| DROPPING potion of ambrosia.
 10142 | Lair:2   | 10142 ||| INVOKING Heroism.
 10145 | Lair:2   | 10145 ||| Stepping ~*~*~tactically~*~*~ (stealth).
 10152 | Lair:2   | Reached XP level 12. HP: 74/74 MP: 16/18
 10185 | Lair:2   | 10185 ||| Stepping ~*~*~tactically~*~*~ (stealth).
 10187 | Lair:2   | 10187 ||| Stepping ~*~*~tactically~*~*~ (stealth).
 10188 | Lair:2   | 10188 ||| INVOKING Heroism.
 10196 | Lair:2   | Reached skill level 9 in Invocations
 10213 | Lair:2   | Reached skill level 9 in Shields
 10243 | Lair:2   | 10243 ||| Stepping ~*~*~tactically~*~*~ (stealth).
 10261 | Lair:2   | 10261 ||| READING 2 scrolls of enchant armour.
 10261 | Lair:2   | 10261 ||| ENCHANTING +0 plate armour.
 10262 | Lair:2   | 10262 ||| READING scroll of enchant armour.
 10262 | Lair:2   | 10262 ||| ENCHANTING +1 plate armour.
 10276 | Lair:2   | Noticed Prince Ribbit
 10277 | Lair:2   | 10277 ||| INVOKING Heroism.
 10288 | Lair:2   | Received a gift from Okawaru
 10290 | Lair:2   | Killed Prince Ribbit
 10325 | Lair:2   | 10325 ||| Stepping ~*~*~tactically~*~*~ (stealth).
 10326 | Lair:2   | 10326 ||| Stepping ~*~*~tactically~*~*~ (stealth).
 10380 | Lair:2   | 10380 ||| Stepping ~*~*~tactically~*~*~ (stealth).
 10415 | Lair:2   | Reached skill level 10 in Shields
 10423 | Lair:2   | Received a gift from Okawaru
 10440 | Lair:2   | 10440 ||| Stepping ~*~*~tactically~*~*~ (stealth).
 10441 | Lair:2   | 10441 ||| Stepping ~*~*~tactically~*~*~ (stealth).
 10629 | Lair:2   | Noticed a boulder beetle
 10630 | Lair:2   | 10630 ||| INVOKING Heroism.
 10631 | Lair:2   | 10631 ||| INVOKING Finesse.
 10660 | Lair:2   | Killed a boulder beetle
 10661 | Lair:2   | Reached skill level 9 in Fighting
 10705 | Lair:2   | 10705 ||| Stepping ~*~*~tactically~*~*~ (stealth).
 10707 | Lair:2   | 10707 ||| Stepping ~*~*~tactically~*~*~ (stealth).
 10710 | Lair:2   | 10710 ||| Stepping ~*~*~tactically~*~*~ (stealth).
 10745 | Lair:2   | Received a gift from Okawaru
 10757 | Lair:2   | Found a hole to the Spider Nest.
 10822 | Lair:2   | Noticed a seven-headed hydra
 10823 | Lair:2   | 10823 ||| INVOKING Heroism.
 10824 | Lair:2   | 10824 ||| SWAPPING to +3 morningstar.
 10825 | Lair:2   | 10825 ||| INVOKING Finesse.
 10834 | Lair:2   | Killed a seven-headed hydra
 10835 | Lair:2   | Reached skill level 3 in Throwing
 10835 | Lair:2   | 10835 ||| SWAPPING to +3 war axe of chaos.
 11144 | Lair:2   | 11144 ||| INVOKING Heroism.
 11148 | Lair:2   | Received a gift from Okawaru
 11588 | Lair:2   | 11588 ||| UPGRADING to amulet of faith.
 11598 | Lair:2   | 11598 ||| DROPPING amulet of the acrobat.
 11686 | Lair:3   | 11686 ||| Stepping ~*~*~tactically~*~*~ (stealth).
 11688 | Lair:3   | 11688 ||| Stepping ~*~*~tactically~*~*~ (stealth).
 11690 | Lair:3   | 11690 ||| Stepping ~*~*~tactically~*~*~ (stealth).
 11700 | Lair:3   | Reached skill level 12 in Axes
 11703 | Lair:3   | 11703 ||| INVOKING Heroism.
 11878 | Lair:3   | Noticed Fannar
 11898 | Lair:3   | Killed Fannar
 11899 | Lair:3   | Reached XP level 13. HP: 62/80 MP: 20/20
 11961 | Lair:3   | Found a staircase to the Swamp.
 11981 | Lair:3   | 11981 ||| Stepping ~*~*~tactically~*~*~ (stealth).
 11985 | Lair:3   | 11985 ||| INVOKING Heroism.
 11995 | Lair:3   | 11995 ||| Stepping ~*~*~tactically~*~*~ (water).
 11997 | Lair:3   | Reached skill level 9 in Armour
 12087 | Lair:3   | 12087 ||| Stepping ~*~*~tactically~*~*~ (water).
 12108 | Lair:3   | 12108 ||| INVOKING Heroism.
 12112 | Lair:3   | Noticed Nergalle
 12131 | Lair:3   | Killed Nergalle
 12170 | Lair:3   | 12170 ||| Stepping ~*~*~tactically~*~*~ (stealth).
 12191 | Lair:3   | 12191 ||| INVOKING Heroism.
 12272 | Lair:3   | 12272 ||| Stepping ~*~*~tactically~*~*~ (stealth).
 12314 | Lair:3   | Noticed Sonja
 12334 | Lair:3   | Killed Sonja
 12490 | Lair:3   | 12490 ||| READING scroll of brand weapon.
 12490 | Lair:3   | 12490 ||| BRANDING +3 war axe of chaos.
 12491 | Lair:3   | 12491 ||| DROPPING +0 war axe.
 12563 | Lair:3   | Identified the +0 cloak of the Boiling Point {Rampage Int-2
                  | Dex+4 Stlth+}
 12708 | Lair:3   | 12708 ||| Stepping ~*~*~tactically~*~*~ (stealth).
 12709 | Lair:3   | 12709 ||| Stepping ~*~*~tactically~*~*~ (stealth).
 12813 | Lair:3   | 12813 ||| DROPPING +0 cloak of the Boiling Point {Rampage
                  | Int-2 Dex+4 Stlth+}.
 12814 | Lair:3   | 12814 ||| READING scroll labelled DOMNUU YJOV.
 12815 | Lair:3   | 12815 ||| READING 3 scrolls of identify.
 12815 | Lair:3   | 12815 ||| IDENTIFYING coppery potion
 12880 | Lair:4   | 12880 ||| INVOKING Heroism.
 12906 | Lair:4   | 12906 ||| INVOKING Finesse.
 12969 | Lair:4   | 12969 ||| INVOKING Heroism.
 13063 | Lair:4   | 13063 ||| INVOKING Heroism.
 13070 | Lair:4   | Received a gift from Okawaru
 13179 | Lair:4   | 13179 ||| Stepping ~*~*~tactically~*~*~ (stealth).
 13181 | Lair:4   | 13181 ||| Stepping ~*~*~tactically~*~*~ (stealth).
 13184 | Lair:4   | 13184 ||| Stepping ~*~*~tactically~*~*~ (stealth).
 13194 | Lair:4   | 13194 ||| INVOKING Heroism.
 13202 | Lair:4   | 13202 ||| SWAPPING to +3 morningstar.
 13203 | Lair:4   | 13203 ||| INVOKING Finesse.
 13211 | Lair:4   | Reached skill level 11 in Shields
 13211 | Lair:4   | 13211 ||| SWAPPING to +3 war axe of venom.
 13330 | Lair:4   | 13330 ||| Stepping ~*~*~tactically~*~*~ (stealth).
 13335 | Lair:4   | 13335 ||| Stepping ~*~*~tactically~*~*~ (stealth).
 13750 | Lair:4   | 13750 ||| Stepping ~*~*~tactically~*~*~ (stealth).
 13754 | Lair:4   | 13754 ||| Stepping ~*~*~tactically~*~*~ (stealth).
 13756 | Lair:4   | 13756 ||| INVOKING Heroism.
 13959 | Lair:4   | 13959 ||| READING scroll labelled IKHINE JESHE.
 13991 | Lair:5   | Entered Level 5 of the Lair of Beasts
 13994 | Lair:5   | 13994 ||| Stepping ~*~*~tactically~*~*~ (stealth).
 14056 | Lair:5   | 14056 ||| Stepping ~*~*~tactically~*~*~ (hiding).
 14156 | Lair:5   | 14156 ||| Stepping ~*~*~tactically~*~*~ (stealth).
 14204 | Lair:5   | 14204 ||| Stepping ~*~*~tactically~*~*~ (stealth).
 14217 | Lair:5   | 14217 ||| Stepping ~*~*~tactically~*~*~ (stealth).
 14222 | Lair:5   | 14222 ||| INVOKING Heroism.
 14273 | Lair:5   | 14273 ||| Stepping ~*~*~tactically~*~*~ (stealth).
 14280 | Lair:5   | Received a gift from Okawaru
 14301 | Lair:5   | Gained mutation: Your large and strong wings let you fly.
                  | [Gargoyle growth]
 14301 | Lair:5   | Reached XP level 14. HP: 77/88 MP: 21/21
 14420 | Lair:5   | 14420 ||| INVOKING Heroism.
 14421 | Lair:5   | 14421 ||| INVOKING Finesse.
 14581 | Lair:5   | Identified the +6 falchion of Oozing Pus {distort, Will+}
 14739 | Lair:5   | Found a staircase to the Slime Pits.
 14743 | Lair:5   | Found a viscous altar of Jiyva.
 14780 | Lair:5   | Noticed a dire elephant
 14780 | Lair:5   | Noticed a dire elephant
 14780 | Lair:5   | Noticed a dire elephant
 14780 | Lair:5   | Noticed a dire elephant
 14781 | Lair:5   | 14781 ||| Stepping ~*~*~tactically~*~*~ (stealth).
 14782 | Lair:5   | 14782 ||| Stepping ~*~*~tactically~*~*~ (stealth).
 14783 | Lair:5   | 14783 ||| INVOKING Heroism.
 14800 | Lair:5   | Killed a dire elephant
 14819 | Lair:5   | 14819 ||| FLEEEEING.
 14820 | Lair:5   | 14820 ||| FLEEEEING.
 14821 | Lair:5   | 14821 ||| FLEEEEING.
 14822 | Lair:5   | 14822 ||| FLEEEEING.
 14823 | Lair:5   | 14823 ||| FLEEEEING.
 14824 | Lair:5   | 14824 ||| STAIRDANCE
 14899 | Lair:4   | 14899 ||| DROPPING +1 chain mail of willpower.
 14900 | Lair:4   | 14900 ||| DROPPING +1 cloak.
 14901 | Lair:4   | 14901 ||| DRINKING 2 sedimented emerald potions.
 14902 | Lair:4   | 14902 ||| DRINKING 2 viscous dark potions.
 14902 | Lair:4   | Gained mutation: Your flesh is heat resistant. (rF+)
                  | [potion of mutation]
 14902 | Lair:4   | Gained mutation: You are partially covered in iridescent
                  | scales. (AC +2) [potion of mutation]
 14942 | Lair:5   | 14942 ||| INVOKING Heroism.
 14943 | Lair:5   | 14943 ||| INVOKING Finesse.
 15120 | Lair:5   | Reached skill level 12 in Shields
 15388 | Lair:5   | Received a gift from Okawaru
 15397 | Lair:5   | 15397 ||| INVOKING Heroism.
 15414 | Lair:5   | Killed a dire elephant
 15424 | Lair:5   | Killed a dire elephant
 15430 | Lair:5   | Killed a dire elephant
 15438 | Lair:5   | 15438 ||| FLEEEEING.
 15451 | Lair:5   | 15451 ||| FLEEEEING.
 15455 | Lair:5   | 15455 ||| FLEEEEING.
 15456 | Lair:5   | 15456 ||| FLEEEEING.
 15457 | Lair:5   | 15457 ||| FLEEEEING.
 15458 | Lair:5   | 15458 ||| FLEEEEING.
 15459 | Lair:5   | 15459 ||| FLEEEEING.
 15460 | Lair:5   | 15460 ||| FLEEEEING.
 15461 | Lair:5   | 15461 ||| FLEEEEING.
 15462 | Lair:5   | 15462 ||| FLEEEEING.
 15463 | Lair:5   | 15463 ||| FLEEEEING.
 15464 | Lair:5   | 15464 ||| FLEEEEING.
 15465 | Lair:5   | 15465 ||| FLEEEEING.
 15468 | Lair:5   | 15468 ||| FLEEEEING.
 15469 | Lair:5   | 15469 ||| FLEEEEING.
 15470 | Lair:5   | 15470 ||| FLEEEEING.
 15471 | Lair:5   | 15471 ||| FLEEEEING.
 15472 | Lair:5   | 15472 ||| FLEEEEING.
 15473 | Lair:5   | 15473 ||| STAIRDANCE
 15781 | Lair:5   | 15781 ||| INVOKING Heroism.
 15893 | Lair:5   | 15893 ||| INVOKING Heroism.
 15894 | Lair:5   | 15894 ||| INVOKING Finesse.
 16009 | Lair:5   | 16009 ||| SWAPPING to +2 broad axe of draining.
 16040 | Lair:5   | Identified the +3 battleaxe "Tiuhenis" {freeze, rElec rPois
                  | Int-2 Dex+4}
 16092 | Lair:5   | 16092 ||| PLANNING D:1-11
 16304 | D:11     | 16304 ||| Stepping ~*~*~tactically~*~*~ (hiding).
 16318 | D:11     | 16318 ||| FLEEEEING.
 16353 | D:11     | 16353 ||| Stepping ~*~*~tactically~*~*~ (stealth).
 16389 | D:11     | Reached skill level 15 in Axes
 16538 | D:11     | 16538 ||| READING scroll of enchant weapon.
 16538 | D:11     | 16538 ||| ENCHANTING +2 broad axe of draining.
 16725 | D:11     | 16725 ||| Stepping ~*~*~tactically~*~*~ (hiding).
 16955 | D:11     | 16955 ||| INVOKING Heroism.
 16956 | D:11     | 16956 ||| INVOKING Finesse.
 16960 | D:11     | 16960 ||| Stepping ~*~*~tactically~*~*~ (hiding).
 16989 | D:11     | Identified the +1 pair of boots of Valour {Str-4 Dex+6}
                  | (Okawaru gifted it to you on level 11 of the Dungeon)
 16989 | D:11     | Received a gift from Okawaru
 16996 | D:11     | 16996 ||| SWAPPING to +3 morningstar.
 17005 | D:11     | 17005 ||| SWAPPING to +3 broad axe of draining.
 17096 | D:11     | Identified the staff of Peril {rElec rC+ rN+ Will+ Necro}
 17396 | D:11     | 17396 ||| Stepping ~*~*~tactically~*~*~ (stealth).
 17397 | D:11     | 17397 ||| Stepping ~*~*~tactically~*~*~ (stealth).
 17398 | D:11     | 17398 ||| INVOKING Heroism.
 17399 | D:11     | 17399 ||| INVOKING Finesse.
 17645 | D:11     | 17645 ||| Stepping ~*~*~tactically~*~*~ (hiding).
 17646 | D:11     | 17646 ||| Stepping ~*~*~tactically~*~*~ (hiding).
 17664 | D:11     | Reached skill level 12 in Fighting
 17664 | D:11     | Reached XP level 15. HP: 70/96 MP: 22/22
 17671 | D:11     | 17671 ||| INVOKING Heroism.
 17722 | D:11     | 17722 ||| INVOKING Heroism.
 17769 | D:11     | 17769 ||| READING scroll of enchant weapon.
 17769 | D:11     | 17769 ||| ENCHANTING +3 broad axe of draining.
 17821 | D:11     | 17821 ||| INVOKING Heroism.
 17947 | D:11     | 17947 ||| PLANNING D
 17947 | D:11     | 17947 ||| DROPPING +1 pair of boots of Valour {Str-4
                  | Dex+6}.
 17948 | D:11     | 17948 ||| DROPPING ring of positive energy.
 18003 | D:12     | 18003 ||| Stepping ~*~*~tactically~*~*~ (hiding).
 18004 | D:12     | 18004 ||| Stepping ~*~*~tactically~*~*~ (hiding).
 18010 | D:12     | 18010 ||| Stepping ~*~*~tactically~*~*~ (hiding).
 18011 | D:12     | 18011 ||| Stepping ~*~*~tactically~*~*~ (hiding).
 18130 | D:12     | Found a corrupted altar of Lugonu.
 18141 | D:12     | Noticed Psyche
 18154 | D:12     | Killed Psyche
 18253 | D:12     | 18253 ||| INVOKING Heroism.
 18255 | D:12     | 18255 ||| Stepping ~*~*~tactically~*~*~ (cloud).
 18276 | D:12     | 18276 ||| Stepping ~*~*~tactically~*~*~ (cloud).
 18340 | D:12     | 18340 ||| Stepping ~*~*~tactically~*~*~ (hiding).
 18425 | D:12     | 18425 ||| Stepping ~*~*~tactically~*~*~ (hiding).
 18429 | D:12     | 18429 ||| Stepping ~*~*~tactically~*~*~ (hiding).
 18469 | D:12     | 18469 ||| Stepping ~*~*~tactically~*~*~ (stealth).
 18577 | D:12     | 18577 ||| Stepping ~*~*~tactically~*~*~ (stealth).
 18580 | D:12     | 18580 ||| Stepping ~*~*~tactically~*~*~ (hiding).
 18598 | D:12     | 18598 ||| Stepping ~*~*~tactically~*~*~ (stealth).
 18643 | D:12     | Found a staircase to the Orcish Mines.
 19145 | D:13     | 19145 ||| Stepping ~*~*~tactically~*~*~ (hiding).
 19147 | D:13     | 19147 ||| Stepping ~*~*~tactically~*~*~ (hiding).
 19155 | D:13     | 19155 ||| Stepping ~*~*~tactically~*~*~ (hiding).
 19164 | D:13     | 19164 ||| INVOKING Heroism.
 19169 | D:13     | 19169 ||| SWAPPING to +3 morningstar.
 19178 | D:13     | 19178 ||| SWAPPING to +4 broad axe of draining.
 19203 | D:13     | Noticed Nessos
 19204 | D:13     | 19204 ||| Stepping ~*~*~tactically~*~*~ (stealth).
 19208 | D:13     | 19208 ||| Stepping ~*~*~tactically~*~*~ (stealth).
 19227 | D:13     | 19227 ||| INVOKING Heroism.
 19239 | D:13     | 19239 ||| Stepping ~*~*~tactically~*~*~ (hiding).
 19240 | D:13     | 19240 ||| Stepping ~*~*~tactically~*~*~ (hiding).
 19247 | D:13     | 19247 ||| Stepping ~*~*~tactically~*~*~ (hiding).
 19249 | D:13     | 19249 ||| Stepping ~*~*~tactically~*~*~ (hiding).
 19257 | D:13     | 19257 ||| Stepping ~*~*~tactically~*~*~ (hiding).
 19261 | D:13     | 19261 ||| Stepping ~*~*~tactically~*~*~ (hiding).
 19262 | D:13     | 19262 ||| Stepping ~*~*~tactically~*~*~ (hiding).
 19268 | D:13     | 19268 ||| Stepping ~*~*~tactically~*~*~ (hiding).
 19272 | D:13     | 19272 ||| Stepping ~*~*~tactically~*~*~ (hiding).
 19273 | D:13     | 19273 ||| Stepping ~*~*~tactically~*~*~ (hiding).
 19275 | D:13     | 19275 ||| Stepping ~*~*~tactically~*~*~ (hiding).
 19276 | D:13     | 19276 ||| Stepping ~*~*~tactically~*~*~ (hiding).
 19282 | D:13     | 19282 ||| Stepping ~*~*~tactically~*~*~ (hiding).
 19283 | D:13     | 19283 ||| Stepping ~*~*~tactically~*~*~ (hiding).
 19285 | D:13     | 19285 ||| Stepping ~*~*~tactically~*~*~ (hiding).
 19289 | D:13     | 19289 ||| Stepping ~*~*~tactically~*~*~ (hiding).
 19290 | D:13     | 19290 ||| Stepping ~*~*~tactically~*~*~ (hiding).
 19295 | D:13     | 19295 ||| INVOKING Heroism.
 19298 | D:13     | HP: 11/96 [Nessos/arrow (21)]
 19299 | D:13     | 19299 ||| READING 4 scrolls of teleportation.
 19300 | D:13     | 19300 ||| DRINKING 9 potions of heal wounds.
 19527 | D:13     | 19527 ||| Stepping ~*~*~tactically~*~*~ (hiding).
 19530 | D:13     | 19530 ||| Stepping ~*~*~tactically~*~*~ (hiding).
 19531 | D:13     | 19531 ||| Stepping ~*~*~tactically~*~*~ (hiding).
 19532 | D:13     | 19532 ||| Stepping ~*~*~tactically~*~*~ (hiding).
 19689 | D:13     | Killed Nessos
 20009 | D:13     | Reached skill level 3 in Dodging
 20045 | D:13     | Found a gate to the Vaults.
 20117 | D:13     | 20117 ||| UPGRADING to +0 tower shield.
 20127 | D:13     | 20127 ||| DROPPING +0 kite shield.
 20163 | D:14     | 20163 ||| INVOKING Heroism.
 20169 | D:14     | Reached skill level 13 in Shields
 20397 | D:14     | Noticed Azrael
 20398 | D:14     | 20398 ||| Stepping ~*~*~tactically~*~*~ (hiding).
 20402 | D:14     | 20402 ||| INVOKING Heroism.
 20403 | D:14     | 20403 ||| INVOKING Finesse.
 20411 | D:14     | Killed Azrael
 20411 | D:14     | Received a gift from Okawaru
 20675 | D:14     | Found an opulent altar of Gozag.
 20726 | D:14     | 20726 ||| Stepping ~*~*~tactically~*~*~ (stealth).
 20730 | D:14     | 20730 ||| Stepping ~*~*~tactically~*~*~ (stealth).
 20732 | D:14     | 20732 ||| INVOKING Heroism.
 20737 | D:14     | 20737 ||| READING 3 scrolls of teleportation.
 20767 | D:14     | 20767 ||| INVOKING Finesse.
 20768 | D:14     | 20768 ||| INVOKING Heroism.
 20770 | D:14     | 20770 ||| SWAPPING to +3 morningstar.
 20780 | D:14     | 20780 ||| SWAPPING to +4 broad axe of draining.
 20865 | D:14     | Noticed Josephine
 20875 | D:14     | Reached skill level 14 in Shields
 20881 | D:14     | Killed Josephine
 20894 | D:14     | 20894 ||| INVOKING Heroism.
 20895 | D:14     | 20895 ||| INVOKING Finesse.
 20903 | D:14     | 20903 ||| SWAPPING to +3 morningstar.
 20911 | D:14     | 20911 ||| SWAPPING to +4 broad axe of draining.
 21362 | D:15     | Entered Level 15 of the Dungeon
 21424 | D:15     | 21424 ||| Stepping ~*~*~tactically~*~*~ (hiding).
 21437 | D:15     | Received a gift from Okawaru
 21449 | D:15     | 21449 ||| Stepping ~*~*~tactically~*~*~ (stealth).
 21464 | D:15     | 21464 ||| READING scroll of enchant armour.
 21464 | D:15     | 21464 ||| ENCHANTING +2 plate armour.
 21465 | D:15     | 21465 ||| Stepping ~*~*~tactically~*~*~ (stealth).
 21489 | D:15     | Found a staircase to the Depths.
 21510 | D:15     | 21510 ||| INVOKING Heroism.
 21527 | D:15     | Reached XP level 16. HP: 45/101 MP: 23/23
 21647 | D:15     | 21647 ||| FLEEEEING.
 21738 | D:15     | Identified the +1 robe "Jepaq Zamoll" {rF+ rC- Str+2 Int+5}
 21793 | D:15     | Reached skill level 15 in Shields
 21824 | D:15     | Found a glowing golden altar of the Shining One.
 21939 | D:15     | Noticed Louise
 21940 | D:15     | 21940 ||| INVOKING Heroism.
 21941 | D:15     | 21941 ||| INVOKING Finesse.
 21945 | D:15     | 21945 ||| SWAPPING to +3 morningstar.
 21951 | Abyss:3  | Cast into level 3 of the Abyss (Louise)
 21952 | Abyss:3  | 21952 ||| SWAPPING to +4 broad axe of draining.
 22025 | Abyss:3  | 22025 ||| Stepping ~*~*~tactically~*~*~ (stealth).
 22026 | Abyss:3  | 22026 ||| Stepping ~*~*~tactically~*~*~ (stealth).
 22057 | Abyss:3  | 22057 ||| Stepping ~*~*~tactically~*~*~ (stealth).
 22104 | Abyss:3  | 22104 ||| Stepping ~*~*~tactically~*~*~ (stealth).
 22105 | Abyss:3  | 22105 ||| Stepping ~*~*~tactically~*~*~ (stealth).
 22121 | Abyss:3  | 22121 ||| Stepping ~*~*~tactically~*~*~ (stealth).
 22122 | Abyss:3  | 22122 ||| Stepping ~*~*~tactically~*~*~ (stealth).
 22135 | Abyss:3  | 22135 ||| Stepping ~*~*~tactically~*~*~ (stealth).
 22136 | Abyss:3  | 22136 ||| Stepping ~*~*~tactically~*~*~ (stealth).
 22137 | Abyss:3  | 22137 ||| Stepping ~*~*~tactically~*~*~ (stealth).
 22147 | Abyss:3  | 22147 ||| Stepping ~*~*~tactically~*~*~ (stealth).
 22150 | Abyss:3  | 22150 ||| Stepping ~*~*~tactically~*~*~ (stealth).
 22151 | Abyss:3  | 22151 ||| Stepping ~*~*~tactically~*~*~ (stealth).
 22155 | Abyss:3  | 22155 ||| Stepping ~*~*~tactically~*~*~ (stealth).
 22156 | Abyss:3  | 22156 ||| Stepping ~*~*~tactically~*~*~ (hiding).
 22196 | Abyss:3  | 22196 ||| Stepping ~*~*~tactically~*~*~ (stealth).
 22198 | Abyss:3  | 22198 ||| Stepping ~*~*~tactically~*~*~ (stealth).
 22208 | Abyss:3  | 22208 ||| Stepping ~*~*~tactically~*~*~ (stealth).
 22230 | Abyss:3  | 22230 ||| INVOKING Heroism.
 22278 | Abyss:3  | HP: 20/100 [starcursed mass/accursed screaming (8)]
 22279 | Abyss:3  | 22279 ||| READING 3 scrolls of teleportation.
 22280 | Abyss:3  | 22280 ||| DRINKING 8 potions of heal wounds.
 22286 | Abyss:3  | HP: 20/101 [starcursed mass/accursed screaming (8)]
 22287 | Abyss:3  | 22287 ||| DRINKING 7 potions of heal wounds.
 22290 | Abyss:3  | Received a gift from Okawaru
 22387 | Abyss:3  | 22387 ||| INVOKING Heroism.
 22392 | Abyss:3  | Noticed a bone dragon
 22401 | Abyss:3  | HP: 21/101 [bone dragon (11)]
 22402 | Abyss:3  | 22402 ||| READING 2 scrolls of teleportation.
 22403 | Abyss:3  | 22403 ||| DRINKING 6 potions of heal wounds.
 22416 | Abyss:3  | Killed a bone dragon
 22417 | Abyss:3  | Reached skill level 16 in Shields
 22425 | Abyss:3  | 22425 ||| Stepping ~*~*~tactically~*~*~ (stealth).
 22427 | Abyss:3  | HP: 6/101 [ynoxinul/entropic shot (30)]
 22428 | Abyss:3  | 22428 ||| READING scroll of teleportation.
 22429 | Abyss:3  | 22429 ||| DRINKING 5 potions of heal wounds.
 22491 | Abyss:3  | 22491 ||| Stepping ~*~*~tactically~*~*~ (stealth).
 22492 | Abyss:3  | 22492 ||| INVOKING Heroism.
 22517 | Abyss:3  | 22517 ||| INVOKING Heroism.
 22517 | Abyss:3  | HP: 18/101 [large abomination[an Executioner] (22)]
 22518 | Abyss:3  | 22518 ||| DRINKING 4 potions of heal wounds.
 22602 | Abyss:3  | Noticed a tentacled starspawn
 22602 | Abyss:3  | 22602 ||| Stepping ~*~*~tactically~*~*~ (stealth).
 22604 | Abyss:3  | 22604 ||| Stepping ~*~*~tactically~*~*~ (stealth).
 22604 | Abyss:3  | Noticed a tentacled starspawn
 22610 | Abyss:3  | Killed a tentacled starspawn
 22620 | Abyss:3  | 22620 ||| INVOKING Heroism.
 22622 | Abyss:3  | Killed a tentacled starspawn
 22625 | D:15     | Escaped the Abyss
 22626 | D:15     | 22626 ||| SWAPPING to +3 morningstar.
 22627 | D:15     | 22627 ||| INVOKING Finesse.
 22631 | D:15     | Received a gift from Okawaru
 22639 | D:15     | 22639 ||| SWAPPING to +4 broad axe of draining.
 22654 | D:15     | Killed Louise
 22895 | D:15     | 22895 ||| INVOKING Heroism.
 22974 | D:15     | 22974 ||| FLEEEEING.
 22975 | D:15     | 22975 ||| FLEEEEING.
 23146 | D:15     | 23146 ||| Stepping ~*~*~tactically~*~*~ (stealth).
 23149 | D:15     | 23149 ||| Stepping ~*~*~tactically~*~*~ (hiding).
 23151 | D:15     | 23151 ||| Stepping ~*~*~tactically~*~*~ (hiding).
 23154 | D:15     | 23154 ||| INVOKING Heroism.
 23181 | D:15     | Reached skill level 17 in Shields
 23181 | D:15     | Received a gift from Okawaru
 23256 | D:15     | 23256 ||| Stepping ~*~*~tactically~*~*~ (hiding).
 23380 | D:15     | 23380 ||| Stepping ~*~*~tactically~*~*~ (stealth).
 23382 | D:15     | 23382 ||| Stepping ~*~*~tactically~*~*~ (stealth).
 23383 | D:15     | 23383 ||| INVOKING Heroism.
 23438 | D:15     | Found Laushec's Assorted Antiques.
 23445 | D:15     | 23445 ||| BUYING potion of curing (87 gold).
 23445 | D:15     | Bought a potion of curing for 87 gold pieces
 23445 | D:15     | 23445 ||| BUYING potion of heal wounds (145 gold).
 23445 | D:15     | Bought a potion of heal wounds for 145 gold pieces
 23445 | D:15     | 23445 ||| BUYING shiny chain mail (217 gold).
 23445 | D:15     | Bought a shiny chain mail for 217 gold pieces
 23520 | D:15     | 23520 ||| PLANNING ORC
 23520 | D:15     | 23520 ||| DROPPING +1 chain mail of fire resistance.
 23521 | D:15     | 23521 ||| UPGRADING to +0 pair of gloves.
 23526 | D:15     | 23526 ||| DROPPING +0 chain mail of cold resistance.
 23527 | D:15     | 23527 ||| READING 8 scrolls of identify.
 23527 | D:15     | 23527 ||| IDENTIFYING inky potion
 23549 | D:15     | 23549 ||| Stepping ~*~*~tactically~*~*~ (hiding).
 23709 | Orc:1    | Entered Level 1 of the Orcish Mines
 23725 | Orc:1    | 23725 ||| Stepping ~*~*~tactically~*~*~ (hiding).
 23765 | Orc:1    | 23765 ||| Stepping ~*~*~tactically~*~*~ (hiding).
 23766 | Orc:1    | 23766 ||| Stepping ~*~*~tactically~*~*~ (hiding).
 23767 | Orc:1    | 23767 ||| Stepping ~*~*~tactically~*~*~ (hiding).
 23768 | Orc:1    | 23768 ||| Stepping ~*~*~tactically~*~*~ (hiding).
 23770 | Orc:1    | 23770 ||| Stepping ~*~*~tactically~*~*~ (hiding).
 23771 | Orc:1    | 23771 ||| Stepping ~*~*~tactically~*~*~ (hiding).
 23775 | Orc:1    | 23775 ||| INVOKING Heroism.
 24026 | Orc:2    | Entered Level 2 of the Orcish Mines
 24027 | Orc:2    | 24027 ||| INVOKING Heroism.
 24052 | Orc:2    | Reached skill level 12 in Armour
 24168 | Orc:2    | Noticed Maurice
 24169 | Orc:2    | Found Emmaunod's Antique Armour Shop.
 24184 | Orc:2    | Killed Maurice
 24303 | Orc:2    | 24303 ||| INVOKING Heroism.
 24321 | Orc:2    | HP: 23/101 [orc priest/divine providence (10)]
 24321 | Orc:2    | HP: 11/101 [orc high priest/divine providence (12)]
 24322 | Orc:2    | 24322 ||| DRINKING 4 potions of heal wounds.
 24325 | Orc:2    | 24325 ||| DRINKING 3 potions of heal wounds.
 24331 | Orc:2    | HP: 20/101 [orc priest/divine providence (10)]
 24332 | Orc:2    | 24332 ||| DRINKING 2 potions of heal wounds.
 24337 | Orc:2    | HP: 20/101 [soul eater[an orc high priest] (13)]
 24338 | Orc:2    | 24338 ||| DRINKING potion of heal wounds.
 24343 | Orc:2    | Paralysed by an orc sorcerer for 4 turns
 24344 | Orc:2    | HP: 8/101 [orc warrior/+0 glaive (12)]
 24344 | Orc:2    | HP: 1/99 [hellwing[an orc sorcerer] (4)]
 24345 | Orc:2    | Slain by an orc warrior

Levels and vault maps discovered:
D:1:      psy_arrival_fountain, layout_loops_cross,
          ebering_ecumenical_altar_abandoned
D:2:      layout_basic, nicolae_the_louvre, uniq_sigmund
D:3:      layout_rooms, chequers_temple_overflow_minitemple,
          cheibrodos_sewer_entry_bend
D:4:      layout_loops_ring
D:5:      layout_cave_pools, corner_web_ring, nicolae_shop_sticking_my_neck_out
D:6:      hangedman_cross_stitches, layout_layer_cave, hellmonk_no_cap
D:7:      layout_basic, minmay_temple_entry_waves, grunt_ministairs_9
D:8:      layout_gridville, mainiacjoe_overflow_boulevard
D:9:      layout_basic
D:10:     layout_loops_ring, lair_entry_dummy
D:11:     minmay_cut_squares, layout_basic, minmay_the_grid_2x2
          [minmay_the_grid_x, minmay_the_grid_armoury, minmay_the_grid_fan,
          minmay_the_grid_prize_big_room]
D:12:     minmay_statue_hallways, layout_loops_ring, orc_0_dummy,
          hangedman_decor_growths, tgw_lugonu_bribe, uniq_psyche
D:13:     layout_rooms, ximxim_vaults_locker_room, uniq_nessos
D:14:     hangedman_arrow_trap, layout_basic, grunt_gozag_statues, uniq_azrael,
          uniq_josephine
D:15:     gammafunk_depths_entry_grave, layout_long_grid, serial_shops,
          shop_statue, tso_altar, uniq_louise
Lair:1:   layout_gridlike
Lair:2:   layout_cave_pods, spider_nest_entry_a, serial_bayou_shore_b,
          grunt_megastairs_5, uniq_prince_ribbit2
Lair:3:   layout_gridlike, minmay_swamp_entry_swarm,
          nicolae_quartered_pool_medium, uniq_nergalle, uniq_sonja, uniq_fannar
Lair:4:   layout_regular_city
Lair:5:   due_jungle_book, layout_long_grid, nicolae_slime_entry_field_trip,
          small_statue_intersection, patterned_corridor, serial_bayou_shore_a,
          lemuel_fruit_tree
Orc:1:    layout_diamond_mine
Orc:2:    st_orc_mages, layout_caves, serial_shops,
          nicolae_shop_overgrown_old_shop, basic_altar, uniq_maurice

Skill      XL: |  1  2  3  4  5  6  7  8  9 10 11 12 13 14 15 16 |
---------------+-------------------------------------------------+-----
Axes           | 2 3 5 6 7 8 9 11 12 13 15 16 | 16.2
Fighting       | 4 6 8 9 10 12 | 12.1
Dodging        | 1 2 3 |  3.2
Invocations    | 4 8 10 | 10.0
Armour         | 7 8 10 11 12 | 12.1
Shields        | 4 5 8 10 11 12 14 17 | 17.0
Throwing       | 2 3 4 5 |  5.1

Action                     |  1- 3 |  4- 6 |  7- 9 | 10-12 | 13-15 | 16-18 || total
---------------------------+-------+-------+-------+-------+-------+-------++-------
  Melee: War axe           |    99 |    76 |   266 |   625 |   588 |       ||  1654
         Morningstar       |       |       |       |     9 |    38 |    17 ||    64
         Broad axe         |       |       |       |       |   536 |   415 ||   951
  Throw: Javelin           |       |       |       |    47 |    81 |    16 ||   144
         Boomerang         |       |       |       |    14 |   158 |    16 ||   188
 Invoke: Heroism           |       |       |     7 |    21 |    30 |    12 ||    70
         Finesse           |       |       |       |     2 |    10 |     2 ||    14
    Use: Scroll            |     4 |     4 |    11 |    11 |     9 |     4 ||    43
         Potion            |       |       |     4 |     1 |     3 |     9 ||    17
   Stab: Confused          |       |       |     1 |     2 |       |     1 ||     4
         Paralysed         |       |       |       |     5 |       |       ||     5
 Armour: Scale mail        |    34 |       |       |       |       |       ||    34
         Chain mail        |     3 |    46 |   132 |    73 |       |       ||   254
         Plate armour      |       |       |       |   198 |   540 |   176 ||   914
  Dodge: Dodged            |    45 |    24 |   193 |   315 |   429 |   155 ||  1161
  Block: Buckler           |    17 |    14 |    63 |    54 |       |       ||   148
         Kite shield       |       |       |       |   191 |   450 |       ||   641
         Tower shield      |       |       |       |       |   173 |   411 ||   584

Table legend:
 A = Non-vault XP
 B = Vault XP
 C = Vault XP percentage of total XP
 D = Non-vault monster count
 E = Vault monster count
 F = Vault count percentage of total count
                 A         B        C        D         E       F
            +---------+---------+-------+---------+---------+-------
      Total |  105936 |   61508 |  36.7 |     501 |     192 |  27.7
            +---------+---------+-------+---------+---------+-------
        D:1 |      43 |       0 |   0.0 |      26 |       0 |   0.0
        D:2 |      41 |     226 |  84.6 |      10 |       1 |   9.1
        D:3 |     275 |      15 |   5.2 |      14 |       3 |  17.6
        D:4 |     787 |       0 |   0.0 |      27 |       0 |   0.0
        D:5 |     950 |       0 |   0.0 |      29 |       0 |   0.0
        D:6 |     659 |    2330 |  78.0 |      20 |      16 |  44.4
        D:7 |    1276 |     177 |  12.2 |      11 |       2 |  15.4
        D:8 |    1396 |       0 |   0.0 |      12 |       0 |   0.0
        D:9 |     809 |       0 |   0.0 |      13 |       0 |   0.0
       D:10 |    2424 |       0 |   0.0 |      34 |       0 |   0.0
       D:11 |    6044 |   10061 |  62.5 |      22 |      23 |  51.1
       D:12 |    8819 |     842 |   8.7 |      24 |       2 |   7.7
       D:13 |    4964 |    4584 |  48.0 |      14 |      12 |  46.2
       D:14 |    5141 |   11216 |  68.6 |      11 |      25 |  69.4
       D:15 |   10812 |    6092 |  36.0 |      25 |       9 |  26.5
     Lair:1 |    6160 |       0 |   0.0 |      29 |       0 |   0.0
     Lair:2 |    8781 |    3132 |  26.3 |      25 |      13 |  34.2
     Lair:3 |    4064 |    3305 |  44.9 |      16 |       8 |  33.3
     Lair:4 |   10991 |       0 |   0.0 |      32 |       0 |   0.0
     Lair:5 |    9763 |   15629 |  61.6 |      28 |      35 |  55.6
      Orc:1 |    2024 |       0 |   0.0 |      24 |       0 |   0.0
      Orc:2 |    3636 |    3483 |  48.9 |      28 |      18 |  39.1
    Abyss:3 |   16077 |       0 |   0.0 |      27 |       0 |   0.0
      Sewer |       0 |     416 | 100.0 |       0 |      25 | 100.0
            +---------+---------+-------+---------+---------+-------
